 Dungeon Crawl Stone Soup version 0.31.0-2-g5a2aebc5c2 (webtiles) character file.

Game seed: 3504922581549655585

280 Aldia the Trooper (level 6, -3/63 HPs)
             Began as an Oni Warper on Jan 20, 2024.
             Was a Follower of Zin.
             Slain by an orc
             ... wielding a +0 hand axe
              (5 damage)
             ... on level 4 of the Dungeon.
             The game lasted 00:07:27 (3384 turns).

Aldia the Trooper (Oni Warper)                      Turns: 3384, Time: 00:07:28

Health: -3/63      AC:  3    Str: 24    XL:     6   Next: 27%
Magic:  10/10      EV:  9    Int: 14    God:    Zin [*.....]
Gold:   190        SH:  0    Dex:  8    Spells: 9/11 levels left

rFire   . . .        a - +0 mace
rCold   . . .        (no shield)
rNeg    . . .        b - +0 robe
rPois   .            (helmet restricted)
rElec   .            (no cloak)
rCorr   .            (gloves unavailable)
SInv    .            (boots unavailable)
Will    .....        (no amulet)
Stlth   +            m - ring of wizardry
HPRegen 0.30/turn    v - +6 ring of strength
MPRegen 0.12/turn

%: wizardry (x1)
@: no status effects
A: large, unfitting armour, horns 1, tough skin 1, double potion healing,
drunken brawling
a: Renounce Religion, Recite, Donate Gold


You were on level 4 of the Dungeon.
You worshipped Zin.
Zin was aware of your devotion.
You visited 1 branch of the dungeon, and saw 4 of its levels.

You collected 211 gold pieces.
You donated 21 gold pieces to Zin.

Inventory:

Hand Weapons
 a - a +0 mace (weapon)
 n - a +0 heavy giant spiked club
Missiles
 d - 7 darts of dispersal (quivered)
 h - 3 curare-tipped darts
 t - 2 throwing nets
Armour
 b - a +0 robe (worn)
Jewellery
 m - a ring of wizardry (left hand)
 v - a +6 ring of strength (right hand)
Scrolls
 c - 2 scrolls of blinking
 f - a scroll of noise
 g - a scroll of enchant armour {unknown}
 j - a scroll of butterflies {unknown}
 l - a scroll of amnesia
 o - a scroll of immolation {unknown}
 q - a scroll of poison {unknown}
 s - a scroll of teleportation {unknown}
Potions
 i - a potion of lignification
 k - 3 potions of curing
 p - 2 potions of might
 r - a potion of ambrosia
 u - a potion of mutation


   Skills:
 + Level 4.6 Fighting
 * Level 4.5 Maces & Flails
 - Level 1.0 Throwing
 - Level 2.1 Dodging
 - Level 3.0 Spellcasting
 + Level 3.8 Translocations


You had 9 spell levels left.
You knew the following spells:

 Your Spells              Type           Power      Damage    Failure   Level
a - Blink                 Tloc           24%        N/A       2%          2

Your spell library contained the following spells:

 Spells                   Type           Power      Damage    Failure   Level
 Lesser Beckoning         Tloc           24%        N/A       2%          2
 Teleport Other           Tloc           12%        N/A       6%          3
 Manifold Assault         Tloc           12%        N/A       17%         4
 Vhi's Electric Charge    Tloc/Air       14%        N/A       36%         4


Dungeon Overview and Level Annotations

Branches:
Dungeon (4/15)
 Temple: D:4-7

Altars:
Elyvilon
Hepliaklqana
Zin


Innate Abilities, Weirdness & Mutations

You are too large for most types of armour.
You have a pair of small horns on your head.
You have tough skin. (AC +1)
You gain doubled healing and magic from potions.
Whenever you drink a healing potion, you attack all around you.


Message History

The orc wizard hits you but does no damage.
The orc hits you with a +0 morningstar!
You closely miss the orc. You headbutt the orc.
The orc is severely wounded.
The orc wizard hits you with a +0 dagger.
The orc hits you with a +0 morningstar.
The orc throws a stone.
The stone hits you.
You are too injured to fight recklessly!
You are too injured to fight recklessly!
You are too injured to fight recklessly!
You are too injured to fight recklessly!
You hit the orc but do no damage. You headbutt the orc.
You kill the orc!
The orc wizard hits you but does no damage.
You sock the orc wizard!
The orc wizard is severely wounded.
The orc wizard hits you with a +0 dagger.
You hit the orc wizard but do no damage.
The orc wizard is severely wounded.
Something hits you but does no damage.
The orc wizard hits you with a +0 dagger.
The orc hits you with a +0 hand axe. The orc hits you with a +0 war axe.
You sock the orc wizard!
You kill the orc wizard!
Something hits you.
* * * LOW HITPOINT WARNING * * *
The orc hits you with a +0 war axe.
* * * LOW HITPOINT WARNING * * *
The orc closely misses you. Something hits you.
* * * LOW HITPOINT WARNING * * *
The orc hits you with a +0 war axe.
* * * LOW HITPOINT WARNING * * *
The orc hits you with a +0 hand axe.
* * * LOW HITPOINT WARNING * * *
You closely miss the orc. Something hits you but does no damage.
The orc misses you. The orc hits you with a +0 hand axe.
* * * LOW HITPOINT WARNING * * *
You hit the orc but do no damage. Your headbutt misses the orc.
The orc hits you with a +0 hand axe.
You die...

#...# #...#
#...# #...#
#...# #...#
#oo.# #)@)#
#...# #...#
.. #..##
...#
##..##....#
#.........#
#.<........
##.........
#........#


You could see 2 orcs.

Vanquished Creatures
  An ogre (D:3)
  An iguana (D:3)
  An orc wizard (D:4)
  Robin (D:2)
  4 adders
  2 dart slugs
  A ribbon worm (D:2)
  6 orcs
  4 endoplasms
  7 giant cockroaches
  15 goblins
  10 hobgoblins
  5 jackals
  5 kobolds
  2 quokkas
  4 ball pythons
  6 bats
  3 frilled lizards
  4 rats
82 creatures vanquished.

Notes
Turn   | Place    | Note
-------+----------+-------------------------------------------
     0 | D:1      | Aldia the Oni Warper began the quest for the Orb.
     0 | D:1      | Reached XP level 1. HP: 22/22 MP: 3/3
   140 | D:1      | Reached XP level 2. HP: 29/29 MP: 5/5
   492 | D:1      | Learned a level 2 spell: Blink
   600 | D:2      | Reached XP level 3. HP: 19/37 MP: 6/6
   710 | D:2      | Found a faded altar of an unknown god.
   733 | D:2      | Noticed Robin
   745 | D:2      | Killed Robin
   782 | D:2      | Reached XP level 4. HP: 8/45 MP: 7/7
  2137 | D:3      | Noticed an ogre
  2275 | D:3      | Killed an ogre
  2276 | D:3      | Reached XP level 5. HP: 54/54 MP: 7/9
  2285 | D:3      | HP: 2/54 [iguana (5)]
  2526 | D:3      | Found a glowing silver altar of Zin.
  2556 | D:3      | Reached XP level 6. HP: 36/63 MP: 10/10
  2912 | D:3      | Found a white marble altar of Elyvilon.
  2914 | D:3      | Found a hazy altar of Hepliaklqana.
  3296 | D:3      | Became a worshipper of Zin the Law-Giver
  3296 | D:3      | Reached * piety under Zin
  3382 | D:4      | HP: 3/63 [orc/+0 hand axe (1)]
  3383 | D:4      | HP: 1/63 [orc/+0 hand axe (2)]
  3384 | D:4      | Slain by an orc

Illustrated notes

Levels and vault maps discovered:
D:1:      wander_arrival_lonely_grave, layout_rooms
D:2:      layout_basic, shapermc_ecumenical_altar_gd, minmay_fractal_squares_5,
          uniq_robin
D:3:      minmay_skewed_foursquare, layout_loops_cross,
          overflow_temple_1_default, nicolae_overflow_hidden_temple
D:4:      layout_gridville, serial_shops, nicolae_shop_industrial_runoff,
          uniq_grinder, uniq_natasha

Skill      XL: |  1  2  3  4  5 |
---------------+----------------+-----
Fighting       | 3 4 |  4.6
Translocations | 3 |  3.8
Maces & Flails | 3 4 |  4.5
Spellcasting   | 3 |  3.0
Throwing       | |  1.0
Dodging        | |  2.1

Action                     |  1- 3 |  4- 6 || total
---------------------------+-------+-------++-------
  Melee: Mace              |   101 |   163 ||   264
         Headbutt          |     9 |    24 ||    33
         Unarmed           |     2 |     2 ||     4
         Punch             |       |     1 ||     1
   Cast: Blink             |     1 |     1 ||     2
    Use: Potion            |     1 |     2 ||     3
         Scroll            |       |     9 ||     9
 Armour: Robe              |    98 |   141 ||   239
         Skin              |     7 |     1 ||     8
  Dodge: Dodged            |    65 |    85 ||   150
